 Dungeon Crawl Stone Soup version 0.19.0-2-gae57169 (webtiles) character file.

168 Bsssss the Sneak (level 5, -1/39 HPs)
             Began as a Vampire Assassin on Nov 3, 2016.
             Slain by a leopard gecko skeleton (2 damage)
             ... on level 4 of the Dungeon.
             The game lasted 00:07:35 (2631 turns).

Bsssss the Sneak (Vampire Assassin)                 Turns: 2631, Time: 00:07:36

Health: -1/39      AC:  3    Str: 15    XL:     5   Next: 24%
Magic:  14/14      EV: 13    Int: 13    God:
Gold:   168        SH:  0    Dex: 17    Spells: 0 memorised, 4 levels left

rFire  . . .     SeeInvis +     a - +2 dagger
rCold  + . .     Gourm    .     c - +0 robe
rNeg   + + .     Faith    .     (no shield)
rPois  +         Spirit   .     (no helmet)
rElec  .         Reflect  .     d - +0 cloak
rCorr  .         Harm     .     (no gloves)
MR     .....                    (no boots)
Stlth  +++++.....               (no amulet)
                                (no ring)
                                m - ring of magical power

@: mighty, regenerating slowly
A: fangs 3, see invisible, unbreathing
a: Bat Form


You were on level 4 of the Dungeon.
You were near bloodless.

You visited 1 branch of the dungeon, and saw 4 of its levels.

You collected 168 gold pieces.

Inventory:

Hand Weapons
 a - a +2 dagger (weapon)
 b - a +0 blowgun
Missiles
 e - 8 poisoned needles
 f - 2 curare-tipped needles
 l - 2 steel javelins (quivered)
 o - 55 bolts
 r - 3 stones
Armour
 c - a +0 robe (worn)
 d - a +0 cloak (worn)
Jewellery
 m - a ring of magical power (left hand)
Scrolls
 h - 2 scrolls of remove curse {unknown}
 i - 3 scrolls of identify {unknown}
 j - a scroll of blinking {unknown}
 k - 2 scrolls of teleportation {unknown}
 n - 2 scrolls of enchant weapon {unknown}
Potions
 g - 15 potions of blood
 q - a potion of ambrosia {unknown}


   Skills:
 + Level 2.5 Fighting
 * Level 3.4 Short Blades
 - Level 1.7 Throwing
 * Level 3.1 Dodging
 + Level 7.2 Stealth


You had 4 spell levels left.
You didn't know any spells.

Dungeon Overview and Level Annotations

Branches:
Dungeon (4/15)
 Temple: D:4-7

Altars:
Gozag
Qazlal


Innate Abilities, Weirdness & Mutations

You heal slowly.
You have razor-sharp teeth.
You have supernaturally acute eyesight. (SInv)
You can survive without breathing.


Message History

The gnoll completely misses you.
You see here an orc corpse.
You hit the gnoll.
The gnoll is moderately wounded.
The gnoll barely misses you.
You hit the gnoll.
The gnoll is severely wounded.
The orc hits you from afar with an enchanted trident.
The gnoll hits you with a halberd!
* * * LOW HITPOINT WARNING * * *
It was a potion of might.
You feel very mighty all of a sudden. The orc closely misses you.
You hit the gnoll.
You kill the gnoll!
The orc hits you but does no damage.
You hit the leopard gecko skeleton.
The leopard gecko skeleton is almost destroyed.
The leopard gecko skeleton bites you.
You die...

#.# ##.# #.#
...# #.# #..#
#.# #..# #.# #
#..###.###..#
#...........#
##.#.#.###.####
#..###.@Z....#
#.#.#.###o##.#
#.##..# .....
#.##.[# ....
#.##..### .....
#.......# .....
#.##..#.#......
#..<..#.#......
#.##...........


You could see an orc and a leopard gecko skeleton.

Vanquished Creatures
  An orc wizard (D:4)
  3 gnolls (D:4)
  4 adders
  2 oozes
  3 worms
  2 dart slugs
  2 orcs (D:4)
  6 bats
  3 giant cockroaches
  6 goblins
  7 hobgoblins
  4 jackals (D:3)
  8 kobolds
  A quokka (D:2)
  A ball python (D:1)
  A frilled lizard (D:1)
  5 rats
59 creatures vanquished.

Notes
Turn   | Place    | Note
-------+----------+-------------------------------------------
     0 | D:1      | Bsssss the Vampire Assassin began the quest for the Orb.
     0 | D:1      | Reached XP level 1. HP: 16/16 MP: 1/1
    59 | D:1      | Reached skill level 6 in Stealth
   121 | D:1      | Reached XP level 2. HP: 20/22 MP: 2/2
   690 | D:1      | Reached XP level 3. HP: 27/27 MP: 3/3
   807 | D:2      | Reached skill level 7 in Stealth
   948 | D:2      | Found an opulent altar of Gozag.
  1528 | D:2      | Reached XP level 4. HP: 20/33 MP: 4/4
  2206 | D:3      | Found a stormy altar of Qazlal.
  2613 | D:4      | Reached XP level 5. HP: 21/39 MP: 5/5
  2628 | D:4      | HP: 1/39 [gnoll/halberd (14)]
  2631 | D:4      | Slain by a leopard gecko skeleton

Skill      XL: |  1  2  3  4  5 |
---------------+----------------+-----
Stealth        | 6 7 |  7.2
Fighting       | 2 |  2.5
Short Blades   | 3 |  3.4
Dodging        | 2 3 |  3.1
Throwing       | |  1.7

Action                   |  1- 3 |  4- 6 || total
-------------------------+-------+-------++-------
Melee: Dagger            |    76 |   103 ||   179
       Bite              |     7 |    14 ||    21
  Use: Potion            |     1 |     1 ||     2
 Stab: Sleeping          |    13 |     9 ||    22
Armor: Robe              |    14 |    12 ||    26
Dodge: Dodged            |    35 |    55 ||    90
